Map: Pillars of Gold LE

Players

Lambo

  • Race: Zerg Zerg
  • League: Master
  • Spawn Location: 1:00

ShoWTimE - Winner!

  • Race: Protoss Protoss
  • League: Master
  • Spawn Location: 7:00

Event: DreamHack SC2 Masters 2020 Winter

VOD

Have the link to the VOD?

Description

Time

  • Played on: Nov. 6, 2020, 11:19 a.m.
  • Length: 6:01

All games in this series

Show
View Real Time Build Order
Export as new Build Order

Lambo Zerg 

Build Orders: Hatch First 

Get SALT Encoding   

  12  0:00  Drone  
  13  0:12  Overlord  
  13  0:17  Drone  
  14  0:30  Drone x2  
  16  0:50  Hatchery  
  16  0:53  Drone  
  16  0:57  Drone  
  16  1:00  Drone  
  18  1:10  Extractor  
  17  1:16  Spawning Pool  
  16  1:19  Drone  
  16  1:22  Drone  
  18  1:28  Drone  
  20  1:40  Drone  
  20  1:49  Drone  
  21  2:02  Queen  
  21  2:03  Queen, Zergling x2  
  21  2:04  Overlord  
  26  2:13  Drone x2  
  26  2:15  Metabolic Boost  
  28  2:22  Drone  
  29  2:27  Drone  
  30  2:37  Hatchery  
  30  2:41  Drone  
  30  2:42  Drone  
  31  2:45  Drone  
  31  2:48  Overlord  
  32  2:54  Zergling x2  
  32  2:56  Queen  
  35  3:01  Drone  
  36  3:09  Drone x2  
  38  3:13  Drone x2  
  38  3:14  Overlord  
  40  3:20  Drone x2  
  40  3:22  Queen  
  44  3:32  Queen  
  48  3:34  Drone x2  
  48  3:41  Overlord  
  48  3:43  Overlord  
  48  3:49  Queen  
  48  3:50  Overlord  
  50  4:02  Drone x4  
  54  4:03  Drone x3  
  54  4:04  Overlord  
  54  4:08  Spore Crawler  
  54  4:09  Spore Crawler  
  54  4:10  Drone  
  54  4:12  Drone  
  54  4:16  Evolution Chamber  
  55  4:17  Drone  
  55  4:22  Drone  
  57  4:27  Zergling x6  
  57  4:28  Drone x3  
  63  4:31  Spore Crawler  
  63  4:35  Drone x2  
  64  4:38  Lair  
  64  4:40  Drone  
  64  4:41  Drone  
  66  4:46  Drone x2  
  66  4:49  Drone  
  66  4:51  Drone x2  
  66  4:52  Drone  
  72  4:55  Baneling Nest  
  72  4:58  Extractor  
  72  4:59  Drone x2, Extractor  
  71  5:00  Overlord  
  71  5:04  Zergling x4  
  71  5:05  Zergling x2  
  74  5:07  Overlord  
  74  5:10  Overlord  
  74  5:13  Zergling x2  
  74  5:17  Overlord  
  74  5:18  Zergling x10  
  74  5:20  Zergling x2  
  74  5:21  Zergling x2  
  81  5:22  Zergling x2  
  79  5:28  Zergling x2  
  79  5:29  Zergling x2  
  79  5:34  Zergling x8  
  82  5:40  Baneling x4  
  82  5:41  Zergling x2  
Show
View Real Time Build Order
Export as new Build Order

ShoWTimE Protoss - Winner!

Build Orders: 1 Gate Expand, Mass Adepts 

Get SALT Encoding   

  12  0:00  Probe  
  13  0:12  Probe  
  14  0:18  Pylon  
  14  0:24  Probe (Chrono Boost)  
  15  0:29  Assimilator  
  15  0:36  Probe (Chrono Boost)  
  16  0:45  Probe (Chrono Boost)  
  16  0:48  Gateway  
  17  0:50  Probe  
  18  1:03  Probe (Chrono Boost)  
  19  1:13  Probe (Chrono Boost)  
  19  1:18  Probe (Chrono Boost)  
  21  1:28  Nexus  
  21  1:38  Cybernetics Core  
  21  1:43  Assimilator  
  21  1:46  Probe  
  22  1:53  Pylon  
  22  1:59  Probe  
  23  2:11  Probe  
  23  2:12  Adept (Chrono Boost)  
  23  2:14  Stargate  
  26  2:19  Warp Gate  
  26  2:23  Probe  
  27  2:35  Stalker  
  30  2:38  Probe (Chrono Boost)  
  30  2:40  Probe (Chrono Boost)  
  31  2:50  Probe (Chrono Boost)  
  33  2:51  Probe (Chrono Boost), Void Ray (Chrono Boost)  
  33  2:55  Probe (Chrono Boost)  
  38  2:59  Probe  
  39  3:07  Gateway  
  39  3:09  Probe  
  39  3:12  Probe  
  41  3:21  Probe  
  41  3:24  Twilight Council, Probe  
  43  3:33  Gateway  
  43  3:36  Gateway  
  43  3:42  Probe x2  
  45  3:54  Pylon  
  45  3:57  Resonating Glaives (Chrono Boost)  
  45  3:59  Nexus  
  45  4:04  Probe  
  46  4:11  Pylon  
  46  4:12  Adept  
  46  4:14  Probe  
  49  4:17  Probe  
  50  4:27  Probe  
  50  4:31  Adept x3  
  57  4:33  Adept  
  57  4:37  Pylon  
  59  4:40  Probe x2  
  61  4:55  Adept x4  
  61  4:58  Pylon  
  69  5:02  Assimilator, Probe  
  70  5:07  Assimilator  
  70  5:10  Probe  
  70  5:11  Probe  
  72  5:15  Adept x3  
  72  5:17  Adept  
  72  5:18  Probe  
  81  5:22  Probe  
  81  5:23  Probe  
  83  5:30  Probe  
  83  5:35  Probe x2  
  86  5:41  Robotics Facility  
  86  5:42  Probe  
  85  5:47  Probe x2  
Tags
 
Add a new tag
Caveats
  • Supply blocks, unpowered buildings, or Contaminate may cause inaccurate times.
  • Supply counts are checked every 10 seconds.